 Dungeon Crawl Stone Soup version 0.31-a0-1265-gaa4636e (webtiles) character file.

Game seed: 4134815954031442399

25 lunatic the Sneak (level 3, -1/19 HPs)
             Began as a Kobold Enchanter on Dec 16, 2023.
             Succumbed to an adder's poison
             ... on level 2 of the Dungeon.
             The game lasted 00:02:18 (1304 turns).

lunatic the Sneak (Kobold Enchanter)                Turns: 1304, Time: 00:02:19

Health: -1/19      AC:  2    Str:  5    XL:     3   Next: 20%
Magic:  6/6        EV: 15    Int: 18    God:
Gold:   124        SH:  0    Dex: 15    Spells: 4/6 levels left

rFire   . . .        a - +2 short sword (holy)
rCold   . . .        (no shield)
rNeg    . . .        j - +0 robe
rPois   .            (no helmet)
rElec   .            (no cloak)
rCorr   .            (no gloves)
SInv    .            (no boots)
Will    .....        (no amulet)
Stlth   ++++         (no ring)
HPRegen 0.23/turn    (no ring)
MPRegen 0.10/turn

%: no passive effects
@: lethally poisoned (-1 -> -12), very slightly contaminated
A: small, no large weapons, nightstalker 3
a: no special abilities


You were on level 2 of the Dungeon.
You visited 1 branch of the dungeon, and saw 2 of its levels.

You collected 124 gold pieces.

Inventory:

Hand Weapons
 a - a +2 short sword of holy wrath (weapon)
 b - a +1 dagger
Armour
 j - a +0 robe (worn)
Scrolls
 d - 2 scrolls of poison {unknown}
 e - a scroll of noise {unknown}
 f - a scroll of amnesia {unknown}
 g - a scroll of revelation {unknown}
 h - a scroll of immolation {unknown}
 k - 3 scrolls of identify {unknown}
 l - a scroll of vulnerability {unknown}
Potions
 c - 2 potions of invisibility


   Skills:
 + Level 2.9 Short Blades
 - Level 2.4 Dodging
 - Level 4.0 Stealth
 - Level 2.1 Spellcasting
 + Level 3.6 Hexes


You had 4 spell levels left.
You knew the following spells:

 Your Spells              Type           Power      Damage    Failure   Level
a - Ensorcelled Hibernat  Hex/Ice        16%        N/A       13%         2

Your spell library contained the following spells:

 Spells                   Type           Power      Damage    Failure   Level
 Confusing Touch          Hex            14%        N/A       12%         3
 Tukima's Dance           Hex            14%        N/A       12%         3
 Dazzling Flash           Conj/Hex       16%        N/A       26%         3


Dungeon Overview and Level Annotations

Branches:
Dungeon (2/15)

Altars:


Innate Abilities, Weirdness & Mutations

You are small and have problems with some larger weapons.
You are completely attuned to the shadows.


Message History

The adder resists with some effort.
You feel sick. The adder bites you but does no damage.
Casting: Ensorcelled Hibernation (safe; 13% risk of failure)
Confirm with . or Enter, or press ? or * to list all spells.
Aiming: Ensorcelled Hibernation (safe; 13% risk of failure)
Press: ? - help, Shift-Dir - straight line, f/p - adder
Aim: an adder (lightly wounded, chance to affect: 50%)
You miscast Ensorcelled Hibernation.
You are very lightly contaminated with residual magic.
Nothing appears to happen.
You feel sick. The adder misses you.
Casting: Ensorcelled Hibernation (safe; 13% risk of failure)
Confirm with . or Enter, or press ? or * to list all spells.
Aiming: Ensorcelled Hibernation (safe; 13% risk of failure)
Press: ? - help, Shift-Dir - straight line, f/p - adder
Aim: an adder (lightly wounded, chance to affect: 50%)
You miscast Ensorcelled Hibernation.
Nothing appears to happen.
You feel sick. The adder closely misses you. The adder completely misses you.
You hit the adder.
The adder is moderately wounded.
You feel sick. The adder bites you.
You are more poisoned.
The adder poisons you!
You closely miss the adder.
The adder is moderately wounded.
You feel sick. The adder bites you.
You are lethally poisoned!
The adder poisons you!
You hit the adder.
The adder is almost dead.
You feel sick. The adder bites you.
* * * LOW HITPOINT WARNING * * *
You are more poisoned.
The adder poisons you!
It was a potion of magic.
Magic courses through your body.
* * * LOW HITPOINT WARNING * * *
You feel very sick. The adder bites you but does no damage.
You hit the adder.
You kill the adder!
You die...

## ##. ######..
........
.....#.. .
####.... #.
##.#. #.####
#.#. #g.@.# ..#.
...##.### #.##.
## .#...#### #.
#........# ##
#######..#####.#
##.......#
#..†#..#####
###.#..#....
###......###


You could see a hobgoblin.

Vanquished Creatures
  An adder (D:2)
  A ball python (D:2)
  2 endoplasms (D:2)
  4 goblins
  4 hobgoblins
  3 jackals (D:2)
  A quokka (D:1)
  2 bats (D:2)
  2 frilled lizards (D:2)
  2 kobolds
  2 rats (D:2)
24 creatures vanquished.

Notes
Turn   | Place    | Note
-------+----------+-------------------------------------------
     0 | D:1      | lunatic the Kobold Enchanter began the quest for the Orb.
     0 | D:1      | Reached XP level 1. HP: 10/10 MP: 3/3
   400 | D:1      | Reached XP level 2. HP: 15/15 MP: 5/5
   406 | D:1      | Learned a level 2 spell: Ensorcelled Hibernation
  1051 | D:2      | Reached XP level 3. HP: 16/19 MP: 6/6
  1304 | D:2      | Succumbed to an adder's poison

Illustrated notes

Levels and vault maps discovered:
D:1:      lightli_arrival_quake, layout_basic, minmay_hexomino_u4
D:2:      layout_rooms

Skill      XL: |  1 |
---------------+----+-----
Short Blades   | 2 |  2.9
Dodging        | |  2.4
Stealth        | |  4.0
Spellcasting   | |  2.1
Hexes          | |  3.6

Action                     || total
---------------------------++-------
  Melee: Dagger            ||     8
         Short sword       ||    55
   Cast: Ensorcelled Hiber ||     1
    Use: Potion            ||     1
   Stab: Sleeping          ||     9
 Armour: Robe              ||    22
  Dodge: Dodged            ||    35

Table legend: (Time is in decaauts)
 A = Elapsed time spent in this place.
 B = Non-inter-level travel time spent in this place.
 C = Inter-level travel time spent in this place.
 D = Time resting spent in this place.
 E = Time spent auto-exploring this place.
 F = Levels seen in this place.
 G = Mean time per level.
                   A        B        C        D        E       F      G
               +--------+--------+--------+--------+--------+-----+--------+
         Total |   1295 |   1261 |     34 |      0 |   1076 |   2 |  647.5 |
       Dungeon |   1295 |   1261 |     34 |      0 |   1076 |   2 |  647.5 |
               +--------+--------+--------+--------+--------+-----+--------+

Top non-repeatable levels by time:
     D:1: 831 daAuts
     D:2: 464 daAuts
